 Dungeon Crawl Stone Soup version 0.29-a0-322-g68df515428 (webtiles) character file.

Game seed: 4583370118565738484

175308 Morbidden the Thaumaturge (level 17, -14/104 (128) HPs)
             Began as a Demonspawn Conjurer on Apr 6, 2022.
             Was the Champion of Cheibriados.
             Killed from afar by a Tzitzimitl (32 damage)
             ... with a bolt of negative energy
             ... summoned by a deep elf demonologist
             ... on level 3 of the Elven Halls on Apr 7, 2022.
             The game lasted 01:21:17 (37643 turns).

Morbidden the Thaumaturge (Demonspawn Conjurer)    Turns: 37643, Time: 01:21:18

HP:   -14/104 (128) AC: 21    Str: 22    XL:     17   Next: 47%
MP:   44/44         EV: 19    Int: 54    God:    Cheibriados [******]
Gold: 948           SH: 16    Dex: 27    Spells: 17/44 levels left

rFire   . . .      SeeInvis .   a - +2 dagger (drain)
rCold   + . .      Faith    .   f - +1 kite shield {rC+}
rNeg    . . .      Spirit   .   r - +1 robe "Muteto" {Drain Will+++ Int+8 Dex-2}
rPois   +          Reflect  .   g - +1 helmet "Seberuc" {rElec rF- rC+ Will++}
rElec   +          Harm     .   I - +0 cloak
rCorr   .          Rampage  .   C - +2 pair of gloves {Stlth+}
Will    +++++                   X - +0 pair of boots
Stlth   ++++++....              W - amulet of magic regeneration
HPRegen 0.27/turn               G - ring of protection from fire
MPRegen 0.69/turn               o - ring of Winter {rPois rC- MP+9 AC+4 Int+5}

@: studying 2 skills, heavily drained, very slow
A: molten scales 2, icemail 1, condensation shield, demonic magic 2, demonic
touch 2, screaming 1
a: Renounce Religion, Bend Time, Temporal Distortion, Slouch, Step From Time


You were on level 3 of the Elven Halls.
You worshipped Cheibriados.
Cheibriados was exalted by your worship.
You visited 6 branches of the dungeon, and saw 29 of its levels.

You collected 2009 gold pieces.
You spent 1061 gold pieces at shops.

Inventory:

Hand Weapons
 a - a +2 dagger of draining (weapon)
 b - a +4 scimitar of flaming
 H - a +5 dagger
Missiles
 c - 7 boomerangs (quivered)
 B - 10 throwing nets
 Y - 2 curare-tipped darts
Armour
 f - a +1 kite shield of cold resistance (worn)
 g - the +1 helmet "Seberuc" (worn) {rElec rF- rC+ Will++}
   (You found it on level 2 of the Elven Halls)

   rF:        It makes you vulnerable to fire.
   rC:        It protects you from cold.
   rElec:     It insulates you from electricity.
   Will:      It greatly increases your willpower.
 i - +0 fire dragon scales
 r - the +1 robe "Muteto" (worn) {Drain Will+++ Int+8 Dex-2}
   (You found it on level 2 of the Dungeon)

   Int:       It affects your intelligence (+8).
   Dex:       It affects your dexterity (-2).
   Drain:     It drains your maximum health when unequipped.
   Will:      It greatly increases your willpower.
 z - a +0 helmet
 C - a +2 pair of gloves of stealth (worn)
 I - a +0 cloak (worn)
 X - a +0 pair of boots (worn)
Magical Staves
 J - a staff of conjuration
Jewellery
 d - the amulet "Arawa" {Spirit Stlth+}
   (You took it off a deep elf death mage on level 3 of the Elven Halls)

   [amulet of guardian spirit]

   It causes incoming damage to be divided between your reserves of health and
   magic.
   Stlth:     It makes you more stealthy.
 l - a ring of ice
 o - the ring of Winter (right hand) {rPois rC- MP+9 AC+4 Int+5}
   (You bought it in a shop on level 2 of the Orcish Mines)

   [ring of protection]

   AC:        It affects your AC (+4).
   Int:       It affects your intelligence (+5).
   rC:        It makes you vulnerable to cold.
   rPois:     It protects you from poison.
   MP:        It affects your magic capacity (+9).
 w - a ring of ice
 A - the amulet "Cuclojam" {Regen+ rCorr}
   (You acquired it on level 15 of the Dungeon)

   [amulet of regeneration]

   Regen:     It increases your rate of health regeneration.
   rCorr:     It protects you from acid and corrosion.
 G - a ring of protection from fire (left hand)
 L - a +4 ring of evasion
 W - an amulet of magic regeneration (around neck)
Wands
 E - a wand of digging (9)
 F - a wand of flame (54)
 Q - a wand of mindburst (5)
 S - a wand of paralysis (4)
Scrolls
 e - 6 scrolls of blinking
 k - 5 scrolls of enchant weapon
 p - a scroll of teleportation
 s - 8 scrolls of magic mapping
 t - 5 scrolls of amnesia
 x - a scroll of fear
 y - 3 scrolls of enchant armour
 M - a scroll of silence
 T - 3 scrolls of fog
Potions
 h - 14 potions of curing
 j - 5 potions of ambrosia
 m - 7 potions of lignification
 n - 4 potions of brilliance
 q - 6 potions of mutation
 u - 7 potions of flight
 v - 4 potions of heal wounds
 D - 3 potions of cancellation
 K - 4 potions of berserk rage
 O - 3 potions of magic
 R - 2 potions of attraction
 U - 5 potions of might
 V - 5 potions of invisibility
Miscellaneous
 N - a box of beasts (inert)
 P - a lightning rod (4/4)
 Z - a phantom mirror (inert)


   Skills:
 * Level 10.1 Fighting
 - Level 8.8(10.0) Short Blades
 * Level 7.5(9.4) Long Blades
 + Level 1.1 Throwing
 * Level 9.3 Dodging
 + Level 9.1 Stealth
 + Level 2.4 Shields
 * Level 14.0 Spellcasting
 * Level 11.6 Conjurations
 + Level 4.8 Necromancy
 + Level 9.0 Translocations
 * Level 7.5 Transmutations
 + Level 6.8 Poison Magic
 * Level 11.4 Invocations
 + Level 1.0 Evocations


You had 17 spell levels left.
You knew the following spells:

 Your Spells              Type           Power      Damage    Failure   Level
a - Magic Dart            Conj           100%       1d8       0%          1
b - Vampiric Draining     Necr           74%        2d11      1%          3
c - Necromutation         Tmut/Necr      40%        N/A       100%        8
d - Olgreb's Toxic Radia  Pois           84%        N/A       1%          4
e - Searing Ray           Conj           100%       2d8       1%          2
x - Manifold Assault      Tloc           94%        N/A       1%          5
z - Iskenderun's Mystic   Conj/Tloc      99%        2d19      1%          4

Your spell library contained the following spells:

 Spells                   Type           Power      Damage    Failure   Level
 Slow                     Hex            100%       N/A       1%          1
 Sting                    Tmut/Pois      100%       1d8       1%          1
 Summon Small Mammal      Summ           100%       N/A       1%          1
 Corpse Rot               Necr/Air       100%       N/A       1%          2
 Passwall                 Tmut/Erth      56%        N/A       1%          2
 Poisonous Vapours        Pois/Air       100%       N/A       1%          2
 Conjure Flame            Conj/Fire      79%        6-21      1%          3
 Dazzling Flash           Conj/Hex       100%       N/A       1%          3
 Gell's Gravitas          Tloc           94%        N/A       1%          3
 Ignite Poison            Fire/Tmut/Pois 73%        N/A       1%          3
 Lesser Beckoning         Tloc           94%        N/A       1%          3
 Mephitic Cloud           Conj/Pois/Air  81%        N/A       1%          3
 Portal Projectile        Hex/Tloc       100%       N/A       1%          3
 Teleport Other           Tloc           94%        N/A       1%          3
 Fulminant Prism          Conj/Hex       39%        3d18      1%          4
 Sticky Flame             Conj/Fire      79%        2d9       1%          4
 Ensorcelled Hibernation  Hex/Ice        74%        N/A       2%          2
 Call Canine Familiar     Summ           37%        N/A       4%          3
 Confusing Touch          Hex            37%        N/A       4%          3
 Summon Guardian Golem    Hex/Summ       37%        N/A       4%          3
 Swiftness                Air            37%        N/A       4%          3
 Agony                    Necr           74%        N/A       5%          5
 Summon Forest            Summ/Tloc      36%        N/A       6%          5
 Freezing Cloud           Conj/Ice/Air   34%        6-21      9%          5
 Yara's Violent Unravell  Hex/Tmut       34%        3d14      9%          5
 Leda's Liquefaction      Hex/Erth       18%        N/A       14%         4
 Lee's Rapid Deconstruct  Erth           18%        3d12*     36%         5
 Malign Gateway           Summ/Tloc      36%        N/A       88%         7
 Enfeeble                 Hex            18%        N/A       100%        7
 Borgnjor's Revivificati  Necr           37%        N/A       100%        8
 Infestation              Necr           37%        N/A       100%        8
 Summon Horrible Things   Summ           18%        N/A       100%        8
 Death's Door             Necr           37%        N/A       100%        9


Dungeon Overview and Level Annotations

Branches:
Dungeon (15/15)            Temple (1/1) D:4            Lair (6/6) D:9
  Swamp (0/4) Lair:4       Spider (2/4) Lair:2        Slime (0/5) Lair:6
    Orc (2/2) D:12            Elf (3/3) Orc:2        Vaults (0/5) D:13
 Depths (0/4) D:15

Altars:
Ashenzari
Cheibriados
Dithmenos
Elyvilon
Fedhas
Gozag
Kikubaaqudgha
Makhleb
Nemelex Xobeh
Okawaru
Qazlal
Sif Muna
Trog
Uskayaw
Vehumet
Xom
Yredelemnul
Zin
Jiyva

Shops:
D:4 [   D:11 *   Orc:2 [=(*   Elf:3 (

Annotations:
D:8 exclusions: death knight and wraith
D:10 exclusion: orange crystal statue


Innate Abilities, Weirdness & Mutations

You are mostly covered in molten scales. (AC +3)
A meltable icy envelope protects you from harm. (AC +4)
A meltable shield of frost defends you. (SH +4)
Spells you cast may paralyse nearby enemies.
Your touch may inflict irresistible damage on your foes.
You occasionally shout uncontrollably at your foes.


Message History

The hell beast suddenly stops moving!
The deep elf blademaster looks even sicker.
Unknown command.
Casting: Olgreb's Toxic Radiance (mildly dangerous; 1% risk of failure)
Confirm with . or Enter, or press ? or * to list all spells.
You erupt in a blast of force!
The mystic blast hits the hell beast!
The hell beast is heavily wounded.
The hell beast is knocked back by the mystic blast.
Malevolent energies surge around you.
The deep elf demonologist gestures wildly while chanting.
Unknown command.
The deep elf blademaster looks even sicker.
The deep elf demonologist looks as sick as possible!
You climb upwards.
There is a stone staircase leading down here.
Unknown command.
You start resting.
Your toxic aura wanes.
You start resting.
Magic restored.
Unknown command.
You climb downwards.
You block the deep elf blademaster's attack.
The deep elf blademaster hits you but does no damage.
The deep elf blademaster closely misses you.
You block the deep elf blademaster's attack.
The Tzitzimitl gestures at you. The bolt of negative energy hits you!!!
You feel drained.
Ouch! That really hurt!
There is a stone staircase leading up here.
Unknown command.
You block the deep elf blademaster's attack.
The deep elf blademaster hits you with a +0 quick blade!
The soul eater draws from the surrounding life force!
* * * LOW HITPOINT WARNING * * *
The Tzitzimitl gestures at you.
The bolt of negative energy hits the hell beast.
The hell beast completely resists.
The bolt of negative energy hits you!!
You feel drained.
You die...

##.....## ##
#.....# ##.#
###'### ##...# #.#
#....e#### ##'####
.e.).))).# #.....#
#.....##.###.....##
##...# #.43..1....#
.##.# ####..e.2@.#
..## #....e..#
...## ##.....##
4...## #.....#
#../.## #######
##)$.$# #)}:[##
?)(|## $$)##


You could see a Tzitzimitl (summoned), a deep elf blademaster (very poisoned), a
hell beast (summoned, very poisoned), a soul eater (summoned), a deep elf
demonologist (very poisoned) and a hellwing (summoned).

Vanquished Creatures
  Rupert (Orc:2)
  A deep elf blademaster (Elf:3)
  2 deep elf master archers (Elf:3)
  Donald (Orc:2)
  2 deep elf sorcerers (Elf:3)
  2 emperor scorpions (Spider:1)
  The ghost of P0WERM0DE the Cleaver, a journeyman DDCK of Jiyva (Elf:2)
  Louise (Elf:3)
  2 deep elf elementalists (Elf:3)
  A stone giant (Orc:2)
  A deep elf demonologist (Elf:3)
  2 entropy weavers (Spider:1)
  A deep elf annihilator (Elf:2)
  3 deep elf death magi
  A fire dragon (D:15)
  3 ettins (Orc:2)
  3 boulder beetles
  2 ogre magi (D:15)
  Harold (Orc:1)
  8 hydras
  A catoblepas (Lair:6)
  A death knight (D:15)
  6 centaur warriors
  20 two-headed ogres
  The ghost of Ajefi the Tainter, a journeyman OpVM of Kikubaaqudgha (Orc:1)
  28 dancing weapons
  5 tengu warriors
  5 death yaks (Lair:6)
  2 orc high priests (Elf:2)
  Nergalle (Lair:2)
  8 deep elf knights
  Amaemon (Lair:2)
  3 steelbarb worms (Spider:1)
  Lodul (D:12)
  A pharaoh ant (Spider:1)
  3 deep trolls
  3 orb spiders (Spider:1)
  12 deep elf archers
  2 necromancers
  An orc knight (Orc:1)
  17 deep elf zephyrmancers
  23 deep elf pyromancers
  3 orc sorcerers
  7 ugly things
  2 manticores
  A will-o-the-wisp (Lair:4)
  11 cyclopes
  20 elephants
  2 moths of wrath
  2 black mambas
  2 gargoyles
  Joseph (D:7)
  A black mamba (shapeshifter) (D:13)
  21 cane toads
  2 torpor snails
  3 efreet
  5 rime drakes
  6 komodo dragons
  An orange demon (Lair:2)
  2 demonic crawlers (Spider:1)
  A komodo dragon (shapeshifter) (D:13)
  2 tengu conjurers (D:15)
  An unseen horror (shapeshifter) (D:15)
  A kobold demonologist (D:12)
  6 trolls
  A queen bee (D:9)
  4 tyrant leeches (Lair:6)
  8 tarantellas (Spider:1)
  A queen bee (shapeshifter) (D:13)
  4 dream sheep (Lair:6)
  A blink frog (shapeshifter) (D:13)
  35 blink frogs
  2 jumping spiders (Spider:1)
  2 air elementals
  2 spriggans (shapeshifter)
  6 wraiths
  A vampire (D:11)
  4 culicivoras (Spider:1)
  2 water elementals (Elf:2)
  2 shadows (D:11)
  A human (shapeshifter) (Elf:2)
  50 yaks
  2 large abominations (Elf:1)
  6 wyverns
  6 basilisks
  13 redbacks
  2 fire elementals
  11 vampire mosquitoes
  A steam dragon (D:8)
  2 wargs
  4 acid dragons
  19 water moccasins
  Duvessa (D:5)
  18 orc warriors
  A black bear (D:7)
  A sky beast (D:6)
  2 ice beasts
  12 ogres
  22 wolves
  5 centaurs
  A phantom (D:6)
  3 elf zombies (Elf:1)
  9 scorpions
  16 bullfrogs
  2 earth elementals
  9 wights
  Dowan (D:5)
  25 killer bees
  2 electric eels
  9 howler monkeys
  7 orc priests
  3 hounds
  A jelly (D:7)
  A gnoll shaman (Lair:6)
  4 iguanas
  14 orc wizards
  8 adders
  12 gnolls
  2 shadow imps
  2 white imps
  An ufetubus (D:6)
  3 worms
  3 dart slugs
  56 orcs
  7 ball pythons
  8 bats
  6 endoplasms
  4 giant cockroaches
  6 goblins
  7 hobgoblins
  3 jackals (D:4)
  4 kobolds
  4 quokkas
  4 frilled lizards
  7 rats
795 creatures vanquished.

Vanquished Creatures (collateral kills)
  Urug (Lair:5)
  An elephant (Lair:5)
2 creatures vanquished.

Vanquished Creatures (others)
  A deep elf knight (Elf:3)
  A deep elf pyromancer (Elf:1)
  A tengu conjurer (D:14)
  2 water elementals (Elf:3)
  3 orc warriors
  A bullfrog (D:9)
  4 foxfires (Lair:4)
  68 fungi
  145 plants
226 creatures vanquished.

Grand Total: 1023 creatures vanquished

Notes
Turn   | Place    | Note
-------+----------+-------------------------------------------
     0 | D:1      | Morbidden the Demonspawn Conjurer began the quest for the
                  | Orb.
     0 | D:1      | Reached XP level 1. HP: 13/13 MP: 3/3
   315 | D:1      | Gained mutation: A meltable shield of frost defends you.
                  | (SH +4) [demonic ancestry]
   315 | D:1      | Reached XP level 2. HP: 14/19 MP: 1/5
  1198 | D:2      | Reached XP level 3. HP: 22/24 MP: 0/6
  1301 | D:2      | Learned a level 2 spell: Searing Ray
  1462 | D:2      | Identified the +1 robe "Muteto" {Drain Will+++ Int+8 Dex-2}
  1894 | D:2      | Got the Compendium of Orientation
  1905 | D:2      | Reached XP level 4. HP: 31/31 MP: 2/8
  2479 | D:3      | Reached skill level 3 in Spellcasting
  2479 | D:3      | Reached skill level 5 in Conjurations
  2485 | D:3      | Learned a level 4 spell: Iskenderun's Mystic Blast
  2582 | D:3      | Reached skill level 1 in Fighting
  3124 | D:4      | Found a staircase to the Ecumenical Temple.
  3130 | D:4      | Gained mutation: You are partially covered in molten
                  | scales. (AC +2) [demonic ancestry]
  3130 | D:4      | Reached XP level 5. HP: 37/37 MP: 4/9
  3138 | Temple   | Entered the Ecumenical Temple
  3177 | Temple   | Became a worshipper of Cheibriados the Contemplative
  3723 | D:4      | Found Lotzis's Antique Armour Shop.
  3746 | D:4      | Bought a pair of glowing gloves for 157 gold pieces
  4122 | D:3      | Reached skill level 1 in Short Blades
  5147 | D:3      | Found a faded altar of an unknown god.
  5257 | D:5      | Entered Level 5 of the Dungeon
  5270 | D:4      | Reached * piety under Cheibriados
  5271 | D:4      | Gained mutation: Spells you cast may paralyse adjacent
                  | enemies. [demonic ancestry]
  5271 | D:4      | Reached XP level 6. HP: 32/44 MP: 1/11
  5502 | D:5      | Reached skill level 1 in Translocations
  5502 | D:5      | Reached skill level 1 in Invocations
  5653 | D:5      | Reached skill level 4 in Spellcasting
  6247 | D:5      | Noticed Duvessa
  6248 | D:5      | Noticed Dowan
  6257 | D:5      | Killed Duvessa
  6258 | D:5      | Gained mutation: You are mostly covered in molten scales.
                  | (AC +3) [demonic ancestry]
  6258 | D:5      | Reached XP level 7. HP: 45/50 MP: 11/13
  6262 | D:5      | Killed Dowan
  6555 | D:6      | Noticed a troll
  6570 | D:6      | Killed a troll
  6571 | D:6      | Reached XP level 8. HP: 50/57 MP: 7/14
  6753 | D:6      | Noticed a two-headed ogre
  6765 | D:6      | Killed a two-headed ogre
  6766 | D:6      | Reached skill level 5 in Spellcasting
  7066 | D:6      | Learned a level 3 spell: Vampiric Draining
  7085 | D:6      | Gained mutation: Your touch may inflict minor irresistible
                  | damage on your foes. [demonic ancestry]
  7085 | D:6      | Reached XP level 9. HP: 64/64 MP: 10/16
  7722 | D:7      | Reached skill level 5 in Stealth
  7723 | D:7      | Reached ** piety under Cheibriados
  7836 | D:7      | Noticed Joseph
  7850 | D:7      | Killed Joseph
  8827 | D:8      | Noticed a freezing wraith
  8886 | D:9      | Noticed a centaur warrior
  9657 | D:8      | Reached skill level 5 in Invocations
  9904 | D:8      | Noticed a death knight
 10183 | D:9      | Reached XP level 10. HP: 73/73 MP: 13/18
 10187 | D:9      | Reached skill level 6 in Spellcasting
 10187 | D:9      | Noticed a boulder beetle
 10578 | D:9      | Reached *** piety under Cheibriados
 11089 | D:9      | Learned a level 8 spell: Necromutation
 11130 | D:9      | Found a broken altar of Ashenzari.
 11229 | D:9      | Identified the +7 great sword of Mappud {vorpal, *Corrode
                  | rElec rN+++ Dex+2}
 11499 | D:9      | Killed a centaur warrior
 11500 | D:9      | Reached skill level 1 in Shields
 11500 | D:9      | Reached skill level 1 in Transmutations
 11710 | D:9      | Reached skill level 5 in Fighting
 11834 | D:9      | Noticed a two-headed ogre
 11922 | D:9      | Killed a boulder beetle
 12026 | D:9      | Killed a two-headed ogre
 12027 | D:9      | Reached skill level 7 in Spellcasting
 12027 | D:9      | Gained mutation: A meltable icy envelope protects you from
                  | harm. (AC +4) [demonic ancestry]
 12027 | D:9      | Reached XP level 11. HP: 40/79 MP: 0/21
 12395 | D:9      | Found a staircase to the Lair.
 12491 | D:10     | Entered Level 10 of the Dungeon
 12553 | D:10     | Reached skill level 1 in Long Blades
 12853 | D:10     | Noticed a two-headed ogre
 12864 | D:10     | Killed a two-headed ogre
 12865 | D:10     | Reached skill level 1 in Necromancy
 13080 | D:10     | Noticed an orange crystal statue
 13322 | D:11     | Noticed a two-headed ogre
 13324 | D:11     | Killed a two-headed ogre
 13325 | D:11     | Reached skill level 5 in Short Blades
 13325 | D:11     | Reached skill level 5 in Dodging
 13379 | D:11     | Noticed a green ugly thing
 13417 | Lair:1   | Entered Level 1 of the Lair of Beasts
 13573 | Lair:1   | Noticed a four-headed hydra
 13596 | Lair:1   | Killed a four-headed hydra
 13932 | Lair:1   | Reached skill level 5 in Translocations
 14526 | Lair:1   | Learned a level 4 spell: Olgreb's Toxic Radiance
 14688 | Lair:2   | Found a hole to the Spider Nest.
 15460 | Lair:2   | Reached skill level 8 in Spellcasting
 15559 | Lair:2   | Noticed Amaemon
 15568 | Lair:2   | Killed Amaemon
 15573 | Lair:2   | Reached XP level 12. HP: 79/87 MP: 14/24
 15669 | Lair:2   | Noticed Nergalle
 15672 | Lair:2   | Killed Nergalle
 15673 | Lair:2   | Reached skill level 1 in Poison Magic
 16308 | Lair:3   | Noticed an eight-headed hydra
 16313 | Lair:3   | Killed an eight-headed hydra
 16415 | Lair:3   | Noticed a five-headed hydra
 16427 | Lair:3   | Killed a five-headed hydra
 16427 | Lair:3   | HP: 2/87 [rime drake/flash freeze (35)]
 16669 | Lair:3   | Reached **** piety under Cheibriados
 17422 | Lair:3   | Identified the +1 robe of the Wilderness {Fly rF+ Str+3
                  | Dex+3}
 17422 | Lair:3   | Noticed a four-headed hydra
 17431 | Lair:3   | Killed a four-headed hydra
 17978 | Lair:4   | Found a staircase to the Swamp.
 18504 | Lair:4   | Reached skill level 9 in Spellcasting
 18894 | Lair:4   | Reached XP level 13. HP: 65/94 MP: 13/26
 19213 | Lair:4   | Reached ***** piety under Cheibriados
 20161 | Lair:5   | Noticed Urug
 20172 | Lair:5   | Killed Urug
 20749 | Lair:6   | Entered Level 6 of the Lair of Beasts
 20986 | Lair:6   | Reached skill level 10 in Spellcasting
 21036 | Lair:6   | Reached skill level 5 in Poison Magic
 21193 | Lair:6   | Reached XP level 14. HP: 103/103 MP: 15/28
 22107 | Lair:6   | Found a viscous altar of Jiyva.
 22108 | Lair:6   | Found a staircase to the Slime Pits.
 22179 | Lair:6   | Reached skill level 5 in Long Blades
 22179 | Lair:6   | Reached skill level 5 in Transmutations
 22529 | Lair:6   | Reached ****** piety under Cheibriados
 23144 | D:11     | Reached skill level 11 in Spellcasting
 23179 | D:11     | Found Tuceal's Overcharged Wands.
 23624 | D:12     | Found a sparkling altar of Nemelex Xobeh.
 23641 | D:12     | Found a staircase to the Orcish Mines.
 23660 | D:12     | Reached skill level 10 in Conjurations
 23865 | D:12     | Noticed Lodul
 23873 | D:12     | Killed Lodul
 24090 | D:12     | Identified the +7 quarterstaff of the Mashing Gods {vorpal,
                  | *Corrode Will+ Str+4}
 24778 | D:13     | Learned a level 5 spell: Manifold Assault
 24814 | D:13     | Reached XP level 15. HP: 81/110 MP: 8/30
 25046 | D:13     | Found a gate to the Vaults.
 26337 | D:15     | Entered Level 15 of the Dungeon
 27054 | D:15     | Reached skill level 12 in Spellcasting
 27435 | D:15     | Identified a scroll of acquirement
 27436 | D:15     | Acquired the amulet "Cuclojam" {Regen+ rCorr}
 27703 | D:15     | Found a staircase to the Depths.
 28076 | Orc:1    | Entered Level 1 of the Orcish Mines
 28481 | Orc:1    | Found a transporter.
 28481 | Orc:1    | Found a transporter.
 28486 | Orc:1    | Found a bloodstained altar of Trog.
 28499 | Orc:1    | Noticed Ajefi's ghost (journeyman OpVM)
 28559 | Orc:1    | Noticed Harold
 28580 | Orc:1    | Killed Harold
 29007 | Orc:1    | Killed Ajefi's ghost
 29213 | Orc:2    | Entered Level 2 of the Orcish Mines
 29213 | Orc:2    | Found Qutefi's Antique Weapon Boutique.
 29308 | Orc:2    | Noticed Rupert
 29419 | Orc:2    | Found a staircase to the Elven Halls.
 29835 | Orc:2    | Killed Rupert
 29836 | Orc:2    | Reached skill level 10 in Invocations
 29871 | Orc:2    | Found Unem's General Store.
 29946 | Orc:2    | Noticed Donald
 29954 | Orc:2    | Killed Donald
 30271 | Orc:2    | Found Idynnett's Jewellery Shoppe.
 30279 | Orc:2    | Bought the ring of Winter {rPois rC- MP+9 AC+4 Int+5} for
                  | 904 gold pieces
 30353 | Orc:2    | Found Muiqad's Antique Armour Shop.
 30680 | Spider:1 | Entered Level 1 of the Spider Nest
 30702 | Spider:1 | Gained mutation: Spells you cast may paralyse nearby
                  | enemies. [demonic ancestry]
 30702 | Spider:1 | Reached XP level 16. HP: 120/120 MP: 10/32
 32499 | Elf:1    | Entered Level 1 of the Elven Halls
 32799 | Elf:1    | Got the Guide on Evil Secrets
 32830 | Elf:1    | You fall into a shaft and drop 1 floor!
 33237 | Elf:2    | Reached skill level 13 in Spellcasting
 33477 | Elf:2    | Found a runed translucent gate.
 33477 | Elf:2    | Found a runed translucent gate.
 33478 | Elf:2    | Found a runed translucent gate.
 34052 | Elf:2    | Found a runed translucent gate.
 34052 | Elf:2    | Found a runed translucent gate.
 34053 | Elf:2    | Found a runed translucent gate.
 34792 | Elf:2    | Paralysed by an air elemental for 1 turns
 34795 | Elf:2    | Paralysed by an air elemental for 1 turns
 35326 | Elf:2    | Noticed P0WERM0DE's ghost (journeyman DDCK)
 35371 | Elf:2    | Gained mutation: Your touch may inflict irresistible damage
                  | on your foes. [demonic ancestry]
 35371 | Elf:2    | Reached XP level 17. HP: 127/127 MP: 22/34
 35561 | Elf:2    | Gained mutation: You tend to lose your temper in combat.
                  | [mutagenic glow]
 35575 | Elf:2    | Lost mutation: You tend to lose your temper in combat.
                  | [mutagenic glow]
 35592 | Elf:2    | Gained mutation: You occasionally shout uncontrollably at
                  | your foes. [mutagenic glow]
 35906 | Elf:2    | Killed P0WERM0DE's ghost
 35970 | Elf:2    | Identified the +1 helmet "Seberuc" {rElec rF- rC+ Will++}
 36018 | Elf:3    | Entered Level 3 of the Elven Halls
 36021 | Elf:3    | Found Sagro's Weapon Emporium.
 36065 | Elf:3    | Noticed a deep elf master archer
 36076 | Elf:3    | HP: 5/127 [deep elf master archer/arrow (37)]
 36080 | Elf:3    | Killed a deep elf master archer
 36604 | Elf:3    | Reached skill level 10 in Fighting
 36607 | Elf:3    | Reached skill level 1 in Throwing
 36614 | Elf:3    | Reached skill level 1 in Evocations
 36659 | Elf:3    | Noticed Louise
 36672 | Elf:3    | Killed Louise
 36674 | Elf:3    | Identified the amulet "Arawa" {Spirit Stlth+}
 36688 | Elf:3    | Noticed a deep elf master archer
 36706 | Elf:3    | Killed a deep elf master archer
 37300 | Elf:3    | Identified the amulet "Qyudis" {Spirit rF++ rC- rN+++
                  | rCorr}
 37300 | Elf:3    | Noticed a deep elf blademaster
 37309 | Elf:3    | Killed a deep elf blademaster
 37310 | Elf:3    | Reached skill level 14 in Spellcasting
 37314 | Elf:3    | HP: 4/119 [ghostly deep elf death mage/bolt of negative
                  | energy (35)]
 37317 | Elf:3    | Noticed a deep elf blademaster
 37627 | Elf:3    | Noticed a Tzitzimitl
 37643 | Elf:3    | Killed from afar by a Tzitzimitl

Illustrated notes

Levels and vault maps discovered:
D:1:      tarquinn_simple_flora_water_d, layout_loops_cross,
          minmay_misc_feat_secret_circle, hangedman_decor_points
D:2:      layout_basic, minmay_stone_trees_small
D:3:      layout_basic, dreamdust_ecumenical_altar_statues
D:4:      kennysheep_six_static_rooms, layout_basic,
          minmay_temple_entry_purple_smoke, serial_shops,
          nicolae_shop_window_shopping
D:5:      layout_layer_cave, uniq_duvessa
D:6:      layout_basic, st_stairs_13, grunt_ministairs_6
D:7:      layout_basic, uniq_joseph
D:8:      layout_loops_ring, chequers_serial_rivers_micro_b
D:9:      layout_rooms, mainiacjoe_overflow_brackets,
          grunt_lair_entry_orc_guard_hut, special_room [special_room_bee],
          minmay_checkerbox
D:10:     minmay_statue_hallways, layout_rooms
D:11:     layout_rooms, nicolae_shop_overcharged_wands
D:12:     layout_rooms, david_orc_2, nemelex_xobeh_ov_fountains_minmay,
          uniq_lodul
D:13:     layout_loops_ring, david_vaults_4, minmay_misc_feat_pillars,
          kennysheep_potato
D:14:     layout_roguey, lemuel_flame_loot_1
D:15:     hangedman_depths_entry_civil_slaughter, layout_cave_pods
Temple:   dpeg_three_leaves_temple
Lair:1:   wander_river, layout_chaotic_city
Lair:2:   hellmonk_ruined_rings, layout_layer_cave,
          nicolae_spider_entry_non_spiders, uniq_amaemon, uniq_nergalle
Lair:3:   layout_concentric_octagons, wad_woods_river_01
Lair:4:   layout_cave_pods, minmay_swamp_entry_wisps, serial_bayou_shore_a
Lair:5:   layout_roguey, uniq_urug
Lair:6:   minmay_lair_end_frog_pond, layout_cave_pods, slime_altar_1,
          dreamdust_gnoll_shepherd, infiniplex_staircase_pool_2
Spider:1: layout_spider_delve
Spider:2: layout_chambers, ebering_ghost_xom, hellmonk_narrow_tunnel
Orc:1:    layout_caves, gammafunk_ghost_wrathful_warriors, uniq_harold
Orc:2:    grunt_orc_gardens, layout_diamond_mine, grunt_orc_garden,
          grunt_orc_garden, grunt_orc_garden, grunt_orc_garden, uniq_rupert,
          uniq_donald
Elf:1:    layout_loops_ring, kennysheep_underground_church,
          minmay_elf_necromancy
Elf:2:    elven_hall_of_blades_hangedman_original [nooodl_blade_entry_preview],
          layout_geoelf_diagonals, gammafunk_ghost_tricky_traps
Elf:3:    grunt_elf_hall_diamonds, layout_geoelf_octagon, serial_shops, shop,
          uniq_louise

Skill      XL: |  1  2  3  4  5  6  7  8  9 10 11 12 13 14 15 16 17 |
---------------+----------------------------------------------------+-----
Dodging        | 2 3 4 5 6 7 8 9 |  9.3
Spellcasting   | 3 4 5 7 8 9 10 11 12 13 14 | 14.0
Conjurations   | 5 6 7 8 9 10 11 | 11.6
Fighting       | 1 2 3 4 5 6 7 8 9 10 | 10.1
Short Blades   | 1 2 3 4 5 6 7 8 |  8.8
Stealth        | 2 3 4 5 6 7 8 9 |  9.1
Translocations | 1 2 3 4 5 6 7 8 9 |  9.0
Invocations    | 1 2 3 5 6 7 8 9 10 11 | 11.4
Shields        | 1 2 |  2.4
Transmutations | 1 2 3 4 5 6 7 |  7.5
Long Blades    | 2 3 4 5 6 7 |  7.5
Necromancy     | 2 3 4 |  4.8
Poison Magic   | 3 5 6 |  6.8
Throwing       | 1 |  1.1
Evocations     | 1 |  1.0

Action                   |  1- 3 |  4- 6 |  7- 9 | 10-12 | 13-15 | 16-18 || total
-------------------------+-------+-------+-------+-------+-------+-------++-------
Melee: Dagger            |     9 |    25 |    68 |   171 |   304 |   142 ||   719
       Punch             |       |       |     2 |     2 |     2 |       ||     6
       Touch             |       |       |     8 |    16 |    35 |       ||    59
       Staff             |       |       |       |     2 |       |       ||     2
       Scimitar          |       |       |       |       |   128 |       ||   128
Throw: Dart              |       |    10 |       |       |     5 |       ||    15
       Boomerang         |       |       |       |       |       |     3 ||     3
 Cast: Magic Dart        |    66 |   136 |   123 |   266 |   258 |   198 ||  1047
       Searing Ray       |       |     6 |     7 |    22 |    20 |       ||    55
       Iskenderun's Myst |       |       |     1 |    24 |    80 |   161 ||   266
       Vampiric Draining |       |       |       |    47 |    94 |    32 ||   173
       Olgreb's Toxic Ra |       |       |       |    23 |   119 |    79 ||   221
       Manifold Assault  |       |       |       |       |    54 |     1 ||    55
Invok: Slouch            |       |       |       |       |       |     3 ||     3
Evoke: Wand              |       |       |       |     7 |    25 |       ||    32
       Lightning rod     |       |       |       |     4 |    11 |     1 ||    16
       Box of beasts     |       |       |       |       |     2 |     1 ||     3
       Phantom mirror    |       |       |       |       |     1 |     1 ||     2
  Use: Scroll            |       |       |    13 |     4 |    16 |    11 ||    44
       Potion            |       |       |       |     2 |     7 |     4 ||    13
 Stab: Paralysed         |       |    13 |    27 |    89 |    70 |    14 ||   213
       Sleeping          |       |       |     5 |     6 |    14 |     6 ||    31
       Distracted        |       |       |       |     1 |     3 |       ||     4
       Petrified         |       |       |       |       |     3 |       ||     3
Armor: Robe              |     2 |    11 |    26 |    73 |   123 |    47 ||   282
Dodge: Dodged            |     5 |    25 |    51 |   269 |   383 |   164 ||   897
Block: Other             |     1 |     3 |    13 |    53 |    45 |       ||   115
       Kite shield       |       |       |       |       |   155 |   203 ||   358

Table legend: (Time is in decaauts)
 A = Elapsed time spent in this place.
 B = Non-inter-level travel time spent in this place.
 C = Inter-level travel time spent in this place.
 D = Time resting spent in this place.
 E = Time spent auto-exploring this place.
 F = Levels seen in this place.
 G = Mean time per level.
                   A        B        C        D        E       F      G
               +--------+--------+--------+--------+--------+-----+--------+
         Total |  49488 |  46802 |   2686 |   6384 |  34283 |  29 | 1706.5 |
       Dungeon |  23638 |  22361 |   1277 |   2672 |  17069 |  15 | 1575.9 |
        Temple |     49 |     43 |      6 |      0 |     33 |   1 |   49.0 |
          Lair |  13423 |  12654 |    769 |   1024 |  10148 |   6 | 2237.2 |
   Spider Nest |   2329 |   2149 |    180 |    200 |   1562 |   2 | 1164.5 |
  Orcish Mines |   3960 |   3547 |    413 |    276 |   2579 |   2 | 1980.0 |
   Elven Halls |   6087 |   6047 |     40 |   2212 |   2891 |   3 | 2029.0 |
               +--------+--------+--------+--------+--------+-----+--------+

Top non-repeatable levels by time:
   Elf:2: 4250 daAuts
     D:8: 2787 daAuts
  Lair:6: 2768 daAuts
  Lair:4: 2676 daAuts
  Lair:2: 2393 daAuts
    D:15: 2363 daAuts
Spider:1: 2264 daAuts
   Orc:1: 2093 daAuts
  Lair:3: 2051 daAuts
    D:13: 1956 daAuts
   Orc:2: 1866 daAuts
     D:9: 1833 daAuts
  Lair:1: 1823 daAuts
     D:3: 1755 daAuts
  Lair:5: 1711 daAuts
